 Dungeon Crawl Stone Soup version 0.28-a0-769-g550dbda0cd (webtiles) character file.

Game seed: 14385082311817976789

183 croobank the Digger (level 5, 0/42 HPs)
             Began as a Gargoyle Earth Elementalist on Oct 31, 2021.
             Slain by an iguana (3 damage)
             ... on level 4 of the Dungeon.
             The game lasted 00:22:56 (2965 turns).

croobank the Digger (Gargoyle Earth Elementalist)   Turns: 2965, Time: 00:22:56

Health: 0/42       AC: 11    Str: 13    XL:     5   Next: 62%
Magic:  4/9        EV: 12    Int: 15    God:
Gold:   35         SH:  0    Dex: 10    Spells: 3/10 levels left

rFire   . . .      SeeInvis .   f - +0 flail
rCold   . . .      Faith    .   (no shield)
rNeg    + . .      Spirit   .   b - +0 robe
rPois   ∞          Reflect  .   h - +0 helmet
rElec   +          Harm     .   (no cloak)
rCorr   .          Rampage  .   u - +0 pair of gloves
Will    .....                   y - +2 pair of boots
Stlth   ..........              (no amulet)
HPRegen 0.14/turn               (no ring)
MPRegen 0.11/turn               (no ring)

@: berserking, very quick
A: sickness immunity, AC +4, negative energy resistance 1, electricity
resistance, torment resistance 1, petrification resistance
a: no special abilities


You were on level 4 of the Dungeon.
You visited 1 branch of the dungeon, and saw 6 of its levels.

You collected 144 gold pieces.
You spent 109 gold pieces at shops.

Inventory:

Hand Weapons
 a - a +0 rapier
 e - a +0 dagger
 f - a +0 flail (weapon)
Missiles
 c - 23 stones
 i - 2 atropa-tipped darts
 q - 46 bolts
Armour
 b - a +0 robe (worn)
 h - a +0 helmet (worn)
 u - a +0 pair of gloves (worn)
 w - a +0 ring mail
 y - a +2 pair of boots (worn)
Scrolls
 k - 2 scrolls of enchant armour {unknown}
 l - a scroll of brand weapon {unknown}
 n - a scroll of teleportation
 r - a scroll of torment {unknown}
 s - a scroll of acquirement {unknown}
 t - a scroll of silence {unknown}
 x - a scroll of vulnerability {unknown}
 z - a scroll of blinking {unknown}
 A - a scroll of noise {unknown}
Potions
 d - a potion of berserk rage
 g - a potion of degeneration
 m - a potion of mutation
 o - a potion of resistance {unknown}
 p - a potion of attraction {unknown}
 v - a potion of lignification


   Skills:
 + Level 0.1 Fighting
 + Level 1.3 Maces & Flails
 + Level 2.4 Dodging
 + Level 2.8 Stealth
 + Level 3.1 Spellcasting
 + Level 0.7 Transmutations
 + Level 5.2 Earth Magic


You had 3 spell levels left.
You knew the following spells:

 Your Spells              Type           Power      Damage    Failure   Level
a - Sandblast             Erth           36%        2d10      2%          1
b - Passwall              Tmut/Erth      9%         N/A       9%          2
c - Magic Dart            Conj           8%         1d3       21%         1
d - Stone Arrow           Conj/Erth      20%        3d8       21%         3

Your spell library contained the following spells:

 Spells                   Type           Power      Damage    Failure   Level
 Call Imp                 Summ           2%         N/A       30%         2
 Mephitic Cloud           Conj/Pois/Air  2%         N/A       52%         3
 Petrify                  Tmut/Erth      11%        N/A       50%         4


Dungeon Overview and Level Annotations

Branches:
Dungeon (6/15)
 Temple: D:4-7

Altars:
Kikubaaqudgha

Shops:
D:2 *   D:3 *


Innate Abilities, Weirdness & Mutations

You are immune to sickness and miasma.
Your stone body is resilient. (AC +4)
You are immune to poison.
You resist negative energy. (rN+)
You are resistant to electric shocks. (rElec)
You are resistant to unholy torment.
You are immune to petrification.


Message History

Aim: an iguana (heavily wounded, 82% to hit)
The blast of sand hits the iguana.
The iguana is almost dead.
The ball python bites you but does no damage.
The ball python constricts you. The iguana bites you.
Aiming: Sandblast (safe; 2% risk of failure)
Press: ? - help, Q - select action, (/) - cycle Shift-Dir - straight line, f/p - iguana
Aim: an iguana (almost dead, 82% to hit)
The blast of sand hits the iguana but does no damage.
The iguana is almost dead.
The ball python bites you but does no damage.
The ball python constricts you. The iguana bites you!
* * * LOW HITPOINT WARNING * * *
A red film seems to cover your vision as you go berserk!
You feel yourself moving faster!
You feel mighty!
The ball python bites you but does no damage.
The ball python constricts you. The ball python closely misses you.
The ball python constricts you. The iguana bites you.
* * * LOW HITPOINT WARNING * * *
You hit the iguana.
The iguana is almost dead.
The ball python bites you.
* * * LOW HITPOINT WARNING * * *
The ball python constricts you.
* * * LOW HITPOINT WARNING * * *
The iguana bites you but does no damage.
You closely miss the ball python.
The ball python bites you but does no damage.
The ball python constricts you.
You are too berserk!
You sock the ball python!
You kill the ball python!
The iguana bites you but does no damage.
You closely miss the iguana.
The iguana is almost dead.
The iguana closely misses you.
You closely miss the iguana.
The iguana is almost dead.
The iguana bites you.
You die...

###.........#
#.#.#######
#.#.########
###.#.##.....#
....#.##.....#####
......##.........#
###.####.....###.#
....# #.....#
#.####### #####
###†### #@.......
#.# #l.######
##########.# #..#
...........# #..#
############ #).#
#... ##.# .#


You could see an iguana.

Vanquished Creatures
  An iguana (D:5)
  A hound skeleton (D:4)
  7 adders
  2 worms
  2 dart slugs
  3 orcs (D:3)
  7 ball pythons
  6 bats
  6 endoplasms
  3 giant cockroaches
  5 goblins
  10 hobgoblins
  3 jackals (D:3)
  2 kobolds
  2 quokkas (D:3)
  6 frilled lizards
  A rat (D:1)
67 creatures vanquished.

Vanquished Creatures (others)
  3 fungi (D:4)
  3 plants (D:4)
6 creatures vanquished.

Grand Total: 73 creatures vanquished

Notes
Turn   | Place    | Note
-------+----------+-------------------------------------------
     0 | D:1      | croobank the Gargoyle Earth Elementalist began the quest
                  | for the Orb.
     0 | D:1      | Reached XP level 1. HP: 10/10 MP: 3/3
   147 | D:1      | Reached XP level 2. HP: 15/15 MP: 1/5
   156 | D:1      | Learned a level 2 spell: Passwall
   158 | D:1      | Learned a level 1 spell: Magic Dart
   310 | D:1      | Reached skill level 4 in Earth Magic
   619 | D:2      | Reached XP level 3. HP: 19/19 MP: 4/6
   670 | D:2      | Found Taxua's Assorted Antiques.
   704 | D:2      | Bought a scroll labelled MUSTRO NEGIOKK for 28 gold pieces
   855 | D:2      | Found an ancient bone altar of Kikubaaqudgha.
   891 | D:2      | Found a faded altar of an unknown god.
  1044 | D:2      | Reached XP level 4. HP: 24/24 MP: 5/7
  1480 | D:2      | Bought a scroll labelled QUECUCVOIM for 28 gold pieces
  1480 | D:2      | Bought a scroll labelled WETADDIROA for 28 gold pieces
  1749 | D:2      | Learned a level 3 spell: Stone Arrow
  1749 | D:2      | Bought a bubbling brown potion for 25 gold pieces
  1907 | D:3      | Reached skill level 1 in Maces & Flails
  2127 | D:3      | Found an ancient bone altar of Kikubaaqudgha.
  2207 | D:3      | Reached XP level 5. HP: 26/28 MP: 9/9
  2255 | D:3      | Found Uweah's Assorted Antiques.
  2604 | D:4      | You fall into a shaft and drop 2 floors!
  2604 | D:6      | Noticed an ogre
  2611 | D:5      | Entered Level 5 of the Dungeon
  2650 | D:5      | Reached skill level 5 in Earth Magic
  2965 | D:4      | Slain by an iguana

Illustrated notes

Levels and vault maps discovered:
D:1:      eino_arrival_water_cross, layout_rooms
D:2:      layout_rooms, dreamdust_ecumenical_altar_grove, basic_altar,
          serial_shops, nicolae_shop_competitors_out_of_business,
          minmay_pentomino_s4
D:3:      layout_loops_ring, kiku_gazebo_pond_becter, serial_shops,
          nicolae_shop_behind_doors, chequers_mini_garden,
          kennysheep_generic_room_9
D:4:      layout_loops_ring, grunt_temple_overflow_forces_of_nature,
          uniq_grinder, uniq_menkaure
D:5:      layout_gridville, minmay_misc_feat_diagonals, dk_vineyard_1
D:6:      layout_basic, kennysheep_mini

Skill      XL: |  1  2  3  4  5 |
---------------+----------------+-----
Earth Magic    | 4 5 |  5.2
Dodging        | 2 |  2.4
Maces & Flails | 1 |  1.3
Spellcasting   | 3 |  3.1
Fighting       | |  0.1
Stealth        | |  2.8
Transmutations | |  0.7

Action                   |  1- 3 |  4- 6 || total
-------------------------+-------+-------++-------
Melee: Unarmed           |     2 |       ||     2
       Flail             |     8 |    57 ||    65
 Cast: Sandblast         |    35 |    63 ||    98
  Use: Scroll            |     3 |     3 ||     6
       Potion            |       |     5 ||     5
 Stab: Sleeping          |       |     1 ||     1
Armor: Robe              |     9 |    40 ||    49
Dodge: Dodged            |    16 |    55 ||    71

Table legend: (Time is in decaauts)
 A = Elapsed time spent in this place.
 B = Non-inter-level travel time spent in this place.
 C = Inter-level travel time spent in this place.
 D = Time resting spent in this place.
 E = Time spent auto-exploring this place.
 F = Levels seen in this place.
 G = Mean time per level.
                   A        B        C        D        E       F      G
               +--------+--------+--------+--------+--------+-----+--------+
         Total |   2971 |   2902 |     69 |     83 |   2007 |   6 |  495.2 |
       Dungeon |   2971 |   2902 |     69 |     83 |   2007 |   6 |  495.2 |
               +--------+--------+--------+--------+--------+-----+--------+

Top non-repeatable levels by time:
     D:2: 1070 daAuts
     D:3: 929 daAuts
     D:1: 603 daAuts
     D:4: 292 daAuts
     D:5: 69 daAuts
     D:6: 6 daAuts
